 Dungeon Crawl Stone Soup version 0.31-a0-691-g409c26aa35 (webtiles) character file.

Game seed: 10073176923952516077

706 qw the Skirmisher (level 7, -3/44 HPs)
             Began as a Gargoyle Hunter on Sept 6, 2023.
             Slain by a wight
             ... wielding a +3 battleaxe
              (9 damage)
             ... on level 7 of the Dungeon.
             The game lasted 00:01:53 (3959 turns).

qw the Skirmisher (Gargoyle Hunter)                 Turns: 3959, Time: 00:01:54

Health: -3/44      AC: 13    Str: 14    XL:     7   Next: 67%
Magic:  7/7        EV: 11    Int: 10    God:
Gold:   140        SH:  5    Dex: 15    Spells: 6/6 levels left

rFire   . . .        Y - +0 shortbow
rCold   . . .        (shield currently unavailable)
rNeg    + + .        d - +0 ring mail
rPois   inf          l - +1 helmet
rElec   +            (no cloak)
rCorr   +            p - +0 pair of gloves
SInv    .            (no boots)
Will    .....        o - amulet of reflection
Stlth   +            h - ring of positive energy
HPRegen 0.27/turn    n - ring of resist corrosion
MPRegen 0.10/turn

%: reflection
@: no status effects
A: sickness immunity, AC +4, negative energy resistance 1, electricity
resistance, torment resistance 1, petrification resistance
a: no special abilities


You were on level 7 of the Dungeon.
You visited 1 branch of the dungeon, and saw 6 of its levels.

You collected 140 gold pieces.


Innate Abilities, Weirdness & Mutations

You are immune to sickness and miasma.
Your stone body is resilient. (AC +4)
You are immune to poison.
You resist negative energy. (rN+)
You are resistant to electric shocks. (rElec)
You are resistant to unholy torment.
You are immune to petrification.


   Skills:
 + Level 4.5 Fighting
 - Level 8.0 Ranged Weapons
 - Level 2.1 Armour
 - Level 1.5 Dodging
 - Level 1.1 Stealth


You had 6 spell levels left.
You didn't know any spells.
Your spell library was empty.

Inventory:

Hand Weapons
 Y - a +0 shortbow (weapon)
Armour
 d - a +0 ring mail (worn)
 l - a +1 helmet (worn)
 p - a +0 pair of gloves (worn)
Jewellery
 h - a ring of positive energy (left hand)
 n - a ring of resist corrosion (right hand)
 o - an amulet of reflection (around neck)
Scrolls
 a - a scroll of identify
 c - a scroll of blinking {unknown}
Potions
 e - a potion of degeneration {unknown}
 f - a potion of lignification {unknown}
 g - 2 potions of cancellation {unknown}
 i - a potion of haste
 j - a potion of ambrosia {unknown}
 k - 2 potions of curing
 m - a potion of mutation {unknown}

Dungeon Overview and Level Annotations

Branches:
Dungeon (5/15)
 Temple: D:4-7

Altars:

Shops:
D:2 [!:


Message History

You shoot an arrow.
The arrow hits the wight but does no damage.
The wight is heavily damaged.
The wight misses you.
You shoot an arrow. The arrow hits the wight.
The wight is severely damaged.
The wight barely misses you.
You shoot an arrow. The arrow closely misses the wight.
The arrow hits the wight.
The wight is heavily damaged.
You block the wight's attack.
You shoot an arrow. The arrow hits the wight.
The wight is severely damaged.
The wight barely misses you. You block the wight's attack.
You shoot an arrow.
The arrow hits the wight but does no damage.
The wight is severely damaged.
The wight hits you with a +3 battleaxe. x2
You shoot an arrow.
The arrow hits the wight but does no damage.
The wight is severely damaged.
You block the wight's attack. The wight closely misses you.
The wight hits you with a +3 battleaxe! x2
3955 ||| DRINKING potion of heal wounds.
You feel much better. The wight hits you but does no damage.
The wight hits you with a +3 battleaxe.
You shoot an arrow.
The arrow hits the wight but does no damage.
The wight is severely damaged.
The wight closely misses you. The wight hits you with a +3 battleaxe.
You shoot an arrow.
The arrow hits the wight but does no damage.
The wight is severely damaged.
The wight closely misses you. The wight hits you with a +3 battleaxe!
You shoot an arrow. The arrow closely misses the wight.
The wight completely misses you. The wight hits you but does no damage.
You shoot an arrow. The arrow hits the wight.
You destroy the wight!
The wight hits you with a +3 battleaxe!
You die...

#.# #.# #.#
######.##
#.......#
#../....#
#....z).#
#@#
###.#######
#..........
#.#.#######
#.#.# #.#.#
#.#.# #.#.#
#.#.#


You could see a wight.

Vanquished Creatures
  An ice beast (D:5)
  A black bear (D:5)
  A phantom (D:4)
  A scorpion (D:4)
  A wight (D:7)
  2 hounds
  A gnoll bouda (D:4)
  An iguana (D:4)
  Robin (D:4)
  8 gnolls
  7 adders
  2 dart slugs
  13 orcs
  6 ball pythons
  13 endoplasms
  3 giant cockroaches
  21 goblins
  8 hobgoblins
  2 quokkas
  6 bats
  2 frilled lizards
  9 kobolds
  6 rats
116 creatures vanquished.

Notes
Turn   | Place    | Note
-------+----------+-------------------------------------------
     0 | D:1      | qw the Gargoyle Hunter began the quest for the Orb.
     0 | D:1      | Reached XP level 1. HP: 12/12 MP: 1/1
     0 | D:1      | 0 ||| qw: Version: 0.3-a-76-g4403597
     0 | D:1      | 0 ||| qw: Game counter: 15
     0 | D:1      | 0 ||| qw: Melee chars always use a shield: true
     0 | D:1      | 0 ||| qw: God list: Okawaru
     0 | D:1      | 0 ||| qw: Allow faded altars: false
     0 | D:1      | 0 ||| qw: Do Orc after clearing Dungeon:15 true
     0 | D:1      | 0 ||| qw: Do second Lair branch before Depths: true
     0 | D:1      | 0 ||| qw: Lair rune preference: random
     0 | D:1      | 0 ||| qw: Goals: Normal
     0 | D:1      | 0 ||| PLANNING D:1-11
   112 | D:1      | Reached XP level 2. HP: 15/17 MP: 2/2
   683 | D:1      | 683 ||| UPGRADING to amulet of the acrobat.
   688 | D:1      | 688 ||| DROPPING +6 ring of intelligence.
   689 | D:1      | 689 ||| UPGRADING to ring of positive energy.
   690 | D:1      | 690 ||| READING scroll labelled GOVAUL QUAGUD.
   691 | D:1      | 691 ||| DROPPING scroll of butterflies.
   728 | D:2      | 728 ||| STAIRDANCE
   745 | D:2      | 745 ||| STAIRDANCE
   749 | D:1      | Reached XP level 3. HP: 21/21 MP: 3/3
   751 | D:2      | 751 ||| STAIRDANCE
   764 | D:1      | Reached skill level 5 in Ranged Weapons
  1002 | D:2      | Found Xutof's Book Shoppe.
  1192 | D:2      | Found a faded altar of an unknown god.
  1197 | D:2      | 1197 ||| Stepping ~*~*~tactically~*~*~ (water).
  1206 | D:2      | Reached skill level 3 in Fighting
  1206 | D:2      | Reached XP level 4. HP: 28/28 MP: 4/4
  1271 | D:2      | Found Cyto's Antique Armour Emporium.
  1276 | D:2      | 1276 ||| SHOPLISTING pair of gloves (112 gold, have 46).
  1276 | D:2      | 1276 ||| SHOPLISTING ring mail (100 gold, have 46).
  1324 | D:2      | Found Oto Cyne's Distillery.
  1332 | D:2      | 1332 ||| SHOPLISTING potion of enlightenment (60 gold, have
                  | 46).
  1332 | D:2      | 1332 ||| SHOPLISTING potion of might (48 gold, have 46).
  1332 | D:2      | 1332 ||| SHOPLISTING potion of mutation (96 gold, have 46).
  1332 | D:2      | 1332 ||| SHOPLISTING potion of resistance (120 gold, have
                  | 46).
  1788 | D:2      | 1788 ||| READING scroll labelled MAIWOTOGUI.
  1789 | D:2      | 1789 ||| READING scroll labelled XIR MOESCHAPLIX.
  2142 | D:3      | Reached XP level 5. HP: 30/32 MP: 5/5
  2510 | D:3      | 2510 ||| UPGRADING to +1 helmet.
  2515 | D:3      | 2515 ||| DROPPING +1 helmet.
  2516 | D:3      | 2516 ||| UPGRADING to amulet of reflection.
  2526 | D:3      | 2526 ||| DROPPING amulet of the acrobat.
  2527 | D:3      | 2527 ||| READING scroll labelled EKHLEA PUVUGOGA.
  2528 | D:3      | 2528 ||| DRINKING 2 cyan potions.
  2529 | D:3      | 2529 ||| DRINKING 2 silvery potions.
  2557 | D:4      | 2557 ||| STAIRDANCE
  2577 | D:4      | 2577 ||| STAIRDANCE
  2625 | D:4      | 2625 ||| STAIRDANCE
  2630 | D:3      | Reached skill level 6 in Ranged Weapons
  2727 | D:4      | Reached skill level 1 in Armour
  2791 | D:4      | Noticed a phantom
  2819 | D:4      | Killed a phantom
  2820 | D:4      | Reached XP level 6. HP: 24/39 MP: 6/6
  3102 | D:4      | Noticed Robin
  3104 | D:4      | 3104 ||| Stepping ~*~*~tactically~*~*~ (outnumbered).
  3106 | D:4      | 3106 ||| Stepping ~*~*~tactically~*~*~ (outnumbered).
  3127 | D:4      | Killed Robin
  3128 | D:4      | 3128 ||| FLEEEEING.
  3408 | D:4      | 3408 ||| UPGRADING to +0 ring mail.
  3418 | D:4      | 3418 ||| DROPPING +0 leather armour.
  3419 | D:4      | 3419 ||| UPGRADING to +0 pair of gloves.
  3424 | D:4      | 3424 ||| UPGRADING to ring of resist corrosion.
  3425 | D:4      | 3425 ||| READING 2 scrolls of identify.
  3425 | D:4      | 3425 ||| IDENTIFYING bubbling amethyst potion
  3461 | D:5      | Entered Level 5 of the Dungeon
  3462 | D:5      | 3462 ||| STAIRDANCE
  3477 | D:5      | 3477 ||| STAIRDANCE
  3488 | D:4      | Reached skill level 7 in Ranged Weapons
  3490 | D:4      | Reached XP level 7. HP: 32/44 MP: 7/7
  3535 | D:5      | 3535 ||| STAIRDANCE
  3545 | D:5      | 3545 ||| STAIRDANCE
  3563 | D:5      | 3563 ||| STAIRDANCE
  3758 | D:5      | Reached skill level 8 in Ranged Weapons
  3872 | D:5      | You fall into a shaft and drop 2 floors!
  3954 | D:7      | HP: 6/44 [wight/+3 battleaxe (7)]
  3955 | D:7      | 3955 ||| DRINKING potion of heal wounds.
  3959 | D:7      | Slain by a wight

Levels and vault maps discovered:
D:1:      heliophobic_arrival_dark_side_of_the_moon, layout_basic
D:2:      layout_basic, serial_shops, shop, nicolae_shop_rolling_square, shop,
          chequers_ecumenical_altar_island, nicolae_twisty_statue_hallways
D:3:      minmay_general_purpose_star, layout_basic, supply_closet_lemuel,
          item_on_display_a
D:4:      layout_rooms, chequers_serial_rivers_room_b, uniq_robin
D:5:      layout_cave_pools
D:7:      layout_basic, hellmonk_okawaru_the_only_friend_you_need, serial_shops,
          shop, uniq_pikel

Skill      XL: |  1  2  3  4  5  6  7 |
---------------+----------------------+-----
Ranged Weapons | 5 6 7 8 |  8.0
Fighting       | 3 4 |  4.5
Armour         | 1 2 |  2.1
Dodging        | |  1.5
Stealth        | |  1.1

Action                     |  1- 3 |  4- 6 |  7- 9 || total
---------------------------+-------+-------+-------++-------
   Fire: Shortbow          |   115 |   278 |    94 ||   487
    Use: Scroll            |     1 |     4 |       ||     5
         Potion            |       |     2 |     1 ||     3
 Armour: Leather armour    |    23 |   106 |       ||   129
         Ring mail         |       |    17 |    68 ||    85
  Dodge: Dodged            |    38 |   102 |    49 ||   189
  Block: Other             |       |    34 |    23 ||    57
         Reflection        |       |     1 |       ||     1

Table legend:
 A = Non-vault XP
 B = Vault XP
 C = Vault XP percentage of total XP
 D = Non-vault monster count
 E = Vault monster count
 F = Vault count percentage of total count
                 A         B        C        D         E       F
            +---------+---------+-------+---------+---------+-------
      Total |    1020 |      61 |   5.6 |      98 |      18 |  15.5
            +---------+---------+-------+---------+---------+-------
        D:1 |      47 |       0 |   0.0 |      22 |       0 |   0.0
        D:2 |      57 |       0 |   0.0 |      20 |       0 |   0.0
        D:3 |      71 |      22 |  23.7 |      21 |       5 |  19.2
        D:4 |     447 |      39 |   8.0 |      28 |      13 |  31.7
        D:5 |     326 |       0 |   0.0 |       6 |       0 |   0.0
        D:7 |      72 |       0 |   0.0 |       1 |       0 |   0.0
            +---------+---------+-------+---------+---------+-------
